 Dungeon Crawl Stone Soup version 0.27.1-37-g7b29ead8ac (webtiles) character file.

Game seed: 3645868005459736907

763 Lorrdernie the Summoner (level 7, -7/27 HPs)
             Began as a Felid Summoner on Aug 12, 2023.
             Shot with an arrow by a centaur (13 damage)
             ... on level 7 of the Dungeon.
             The game lasted 00:22:15 (11613 turns).

Lorrdernie the Summoner (Felid Summoner)           Turns: 11613, Time: 00:22:16

Health: -7/27      AC:  2    Str:  4    XL:     7   Next: 51%
Magic:  5/14       EV: 17    Int: 18    God:
Gold:   1081       SH:  0    Dex: 17    Spells: 1/14 levels left
                                        Lives:  0   Deaths: 2

rFire    . . .     SeeInvis +   (weapon unavailable)
rCold    . . .     Faith    .   (shield unavailable)
rNeg     . . .     Spirit   .   (armour unavailable)
rPois    .         Reflect  .   (helmet unavailable)
rElec    .         Harm     .   (cloak unavailable)
rCorr    .         Rampage  .   (gloves unavailable)
Will     +....                  (boots unavailable)
Stlth    ++........             (no amulet)
HPRegen  0.09/turn              x - ring of wizardry
MPRegen  0.14/turn              p - ring of flight

@: flying, quick
A: very small, claws 1, fangs 3, see invisible, speed 1, shaggy fur 2, stealthy
paws, no weapons or thrown items, no armour, multi-lived
a: no special abilities


You were on level 7 of the Dungeon.
You visited 2 branches of the dungeon, and saw 8 of its levels.
You also visited: Sewer.

You collected 1081 gold pieces.

Inventory:

Jewellery
 f - a ring of fire
 i - a ring of resist corrosion
 p - a ring of flight (right paw)
 x - a ring of wizardry (left paw)
Wands
 h - a wand of polymorph (7)
 o - a wand of flame (19)
 y - a wand of iceblast (9)
Scrolls
 b - a scroll of teleportation
 e - 7 scrolls of enchant weapon
 j - a scroll of identify
 l - 2 scrolls of noise
 n - a scroll of summoning
 t - a scroll of fear
 w - a scroll of acquirement
Potions
 a - 2 potions of haste
 c - a potion of curing
 d - 2 potions of might
 g - 2 potions of heal wounds
 k - a potion of degeneration {unknown}
 m - 2 potions of brilliance {unknown}
 q - a potion of attraction {unknown}
 r - 2 potions of magic {unknown}
 u - a potion of invisibility
 v - a potion of flight {unknown}
 z - 2 potions of berserk rage {unknown}
 A - a potion of lignification {unknown}


   Skills:
 - Level 2.6 Dodging
 - Level 2.6 Stealth
 - Level 4.0 Spellcasting
 - Level 4.0 Hexes
 * Level 9.6 Summonings
 + Level 3.1 Air Magic


You had one spell level left.
You knew the following spells:

 Your Spells              Type           Power      Damage    Failure   Level
a - Summon Small Mammal   Summ           100%       N/A       1%          1
b - Call Imp              Summ           38%        N/A       1%          2
c - Call Canine Familiar  Summ           38%        N/A       1%          3
d - Summon Guardian Gole  Hex/Summ       28%        N/A       1%          3
e - Summon Lightning Spi  Summ/Air       26%        N/A       4%          4

Your spell library contained the following spells:

 Spells                   Type           Power      Damage    Failure   Level


Dungeon Overview and Level Annotations

Branches:
Dungeon (7/15)             Temple (1/1) D:4           Sewer (visited)

Altars:
Ashenzari
Cheibriados
Dithmenos
Fedhas
Hepliaklqana
Kikubaaqudgha
Okawaru
Qazlal
Trog
Vehumet
Wu Jian
Xom
Zin
The Shining One


Innate Abilities, Weirdness & Mutations

You have sharp claws.
You have razor-sharp teeth.
You have supernaturally acute eyesight. (SInv)
You cover ground quickly. (Speed+)
You are covered in thick fur. (AC +2)
Your paws help you pounce on unaware monsters.
You are incapable of wielding weapons or throwing items.
You cannot wear armour.
You gain extra lives every three experience levels.


Message History

A beastly little devil appears in a puff of flame.
Your hound bites the centaur.
The centaur shoots an arrow.
The arrow closely misses your hound. The arrow hits your crimson imp!
Your crimson imp dies!
Your crimson imp disappears in a puff of smoke!
Casting: Call Imp (safe; 1% risk of failure)
Confirm with . or Enter, or press ? or * to list all spells.
Your hound bites the centaur but does no damage.
The centaur shoots an arrow.
The arrow barely misses you. The arrow closely misses your bat.
Unknown command.
Your hound bites the centaur.
The centaur shoots an arrow.
The arrow hits your hound!
Casting: Summon Small Mammal (safe; 1% risk of failure)
Confirm with . or Enter, or press ? or * to list all spells.
Your hound bites the centaur but does no damage.
The centaur shoots an arrow.
The arrow barely misses your hound. The arrow hits your crimson imp!
Your hound bites the centaur but does no damage.
Unknown command.
What are your orders? t - Meow!
Orders for allies: a - Attack new target. p - Attack previous target. r - Retreat! s - Stop attacking. g - Guard the area. f - Follow me.
Anything else - Cancel.
Gang up on whom?
Press: ? - help, Dir - move target, f/p - human zombie
Aim: a human zombie (ally target) Attack!
The centaur shoots an arrow.
The arrow hits your hound!
Your hound dies!
Your hound's corpse disappears in a puff of smoke!
Your crimson imp hits the centaur but does no damage.
The centaur unwields a +0 shortbow.
The centaur closely misses your crimson imp.
The centaur barely misses your crimson imp.
You swap places.
The centaur wields a +0 shortbow.
The centaur shoots an arrow.
The arrow barely misses your crimson imp.
The arrow closely misses your bat. The arrow hits you!
You die...

##### #.#
#Z# #.#
##c# #.#
#..# #.#
##5## #5#
#..# #.#
##.## #.#
#..# #.#
##b##
#.####@b#
#......##
########


You could see a centaur, a friendly crimson imp (summoned) and 2 friendly bats.

Vanquished Creatures
  A water moccasin zombie (D:5)
  2 killer bees (D:4)
  A centaur skeleton (D:4)
  A river rat (D:5)
  An adder (Sewer)
  An orc (D:5)
  2 giant cockroaches
  A goblin (D:2)
  2 kobolds
  2 ball pythons (D:4)
  2 bats (D:2)
  2 frilled lizards
  An orc zombie (D:7)
  A rat (D:2)
20 creatures vanquished.

Vanquished Creatures (collateral kills)
  A black bear (D:6)
  2 ice beasts
  3 orc warriors
  A necrophage (D:6)
  A phantom (D:5)
  A scorpion (D:6)
  2 bullfrogs
  A killer bee (D:4)
  2 howler monkeys
  A centaur zombie (D:6)
  A gnoll shaman (D:6)
  3 hounds
  2 orc priests
  A jelly (D:6)
  Ijyb (D:4)
  4 iguanas
  3 orc wizards
  A hound zombie (D:5)
  A hound skeleton (D:4)
  5 gnolls
  6 adders
  2 white imps
  3 worms (D:3)
  4 dart slugs
  31 orcs
  A bat (D:2)
  6 endoplasms
  3 giant cockroaches
  3 goblins
  4 hobgoblins
  4 jackals (D:3)
  6 kobolds
  4 quokkas
  8 ball pythons
  14 frilled lizards
  2 rats
138 creatures vanquished.

Vanquished Creatures (others)
  Menkaure (D:5)
  2 water moccasins
  An ogre (D:6)
  A scorpion (D:7)
  3 gnolls (D:6)
  2 kobolds (D:1)
  11 plants (D:6)
21 creatures vanquished.

Grand Total: 179 creatures vanquished

Notes
Turn   | Place    | Note
-------+----------+-------------------------------------------
     0 | D:1      | Lorrdernie the Felid Summoner began the quest for the Orb.
     0 | D:1      | Reached XP level 1. HP: 7/7 MP: 4/4
   906 | D:1      | Found a faded altar of an unknown god.
  1288 | D:2      | Reached XP level 2. HP: 11/11 MP: 1/6
  1824 | D:2      | Learned a level 2 spell: Call Imp
  2340 | D:2      | Reached XP level 3. HP: 13/14 MP: 0/7
  2344 | D:2      | Learned a level 3 spell: Call Canine Familiar
  3794 | D:3      | Reached skill level 5 in Summonings
  4375 | D:3      | Reached XP level 4. HP: 11/18 MP: 9/9
  5536 | D:4      | Learned a level 3 spell: Summon Guardian Golem
  5575 | D:4      | Succumbed to a killer bee's poison
  5576 | D:4      | Reached XP level 3. HP: 0/14 MP: 1/8
  5596 | D:4      | Killed a killer bee
  5597 | D:4      | Reached XP level 4. HP: 9/18 MP: 1/9
  5767 | D:4      | Reached skill level 1 in Hexes
  6038 | D:4      | Found a staircase to the Ecumenical Temple.
  6058 | D:4      | Noticed an ice beast
  6060 | D:4      | Reached skill level 6 in Summonings
  6060 | D:4      | Reached XP level 5. HP: 21/21 MP: 1/10
  6242 | Temple   | Entered the Ecumenical Temple
  6501 | D:4      | Noticed Ijyb
  6522 | D:4      | Killed Ijyb
  6893 | D:4      | Killed an ice beast
  6894 | D:4      | Gained mutation: You are covered in thick fur. (AC +2)
                  | [Felid growth]
  6894 | D:4      | Reached XP level 6. HP: 24/24 MP: 3/11
  6962 | D:5      | Entered Level 5 of the Dungeon
  7464 | D:5      | Noticed a water moccasin
  7493 | D:5      | Killed a water moccasin
  7494 | D:5      | Reached skill level 7 in Summonings
  7506 | D:5      | Noticed Menkaure
  7522 | D:5      | Killed Menkaure
  7725 | D:5      | Found a glowing drain.
  7729 | Sewer    | Entered a sewer
  7975 | Sewer    | Reached XP level 7. HP: 27/27 MP: 7/12
  9176 | D:6      | Reached skill level 8 in Summonings
  9182 | D:6      | Learned a level 4 spell: Summon Lightning Spire
  9930 | D:6      | Reached skill level 1 in Air Magic
 10169 | D:6      | Found a blossoming altar of Fedhas.
 10780 | D:6      | Reached XP level 8. HP: 31/31 MP: 8/15
 11035 | D:6      | Reached skill level 9 in Summonings
 11125 | D:7      | Identified 2 scrolls of acquirement
 11125 | D:7      | Acquired 787 gold pieces
 11476 | D:7      | Shot with an arrow by a centaur
 11477 | D:7      | Reached XP level 7. HP: -3/27 MP: 5/14
 11613 | D:7      | Shot with an arrow by a centaur

Illustrated notes

Levels and vault maps discovered:
D:1:      minmay_arrival_up_and_down, layout_loops_ring,
          chequers_ecumenical_altar_lobes, corexii_corridor_pit,
          chequers_serial_rivers_micro_b, lemuel_flame_loot_1
D:2:      minmay_alternating_diamond, layout_loops_ring
D:3:      layout_basic, serial_curves, eino_curves_01, eino_curves_04,
          eino_curves_02, eino_curves_03, minmay_increasing_density
D:4:      layout_rooms, minmay_temple_entry_slanted,
          minmay_misc_feat_more_columns, minmay_crystal_water,
          kennysheep_small_circle, uniq_ijyb
D:5:      layout_basic, gup_sewer_entry_bowl, uniq_menkaure
D:6:      minmay_general_purpose_star, layout_cave_pods,
          fedhas_altar_decomposition
D:7:      layout_rooms, lemuel_doored_altar, nicolae_ossuary_entry_catacombs,
          hangedman_feature_mirror, hangedman_abyss_or_decor_jellyfish_corner
Temple:   dshaligram_water_room_temple

Skill      XL: |  1  2  3  4  5  6  7  8 |
---------------+-------------------------+-----
Summonings     | 5 6 7 8 9 |  9.6
Spellcasting   | 3 4 |  4.0
Hexes          | 1 3 4 |  4.0
Air Magic      | 3 2 |  3.1
Dodging        | |  2.6
Stealth        | |  2.6

Action                   |  1- 3 |  4- 6 |  7- 9 || total
-------------------------+-------+-------+-------++-------
Melee: Unarmed           |    61 |    49 |    37 ||   147
       Bite              |    10 |     5 |     5 ||    20
 Cast: Summon Small Mamm |    85 |       |     2 ||    87
       Call Imp          |    34 |    48 |    28 ||   110
       Call Canine Famil |     1 |    14 |    25 ||    40
       Summon Guardian G |       |     4 |     7 ||    11
       Summon Lightning  |       |       |    13 ||    13
Evoke: Wand              |       |     8 |       ||     8
  Use: Scroll            |     3 |     4 |     5 ||    12
       Potion            |       |     2 |       ||     2
 Stab: Sleeping          |     1 |     2 |       ||     3
       Distracted        |       |     1 |       ||     1
Armor: Skin              |     8 |     6 |     6 ||    20
Dodge: Dodged            |    70 |    62 |    54 ||   186
